Map: Disco Bloodbath LE

Players

DisReSpeCT

  • Race: Terran Terran
  • Spawn Location: 9:00

PengWin - Winner!

  • Race: Zerg Zerg
  • Spawn Location: 3:00

VOD

Have the link to the VOD?

Description

Time

  • Played on: Sept. 6, 2019, 1:11 p.m.
  • Length: 7:19
Show
View Real Time Build Order
Export as new Build Order

DisReSpeCT Terran 

Build Orders: Gas First Reaper Expand, Liberator Opening 

Get SALT Encoding   

  12  0:00  SCV  
  13  0:13  SCV  
  14  0:17  Supply Depot  
  14  0:25  SCV  
  15  0:29  Refinery  
  15  0:38  SCV  
  16  0:44  Barracks  
  16  0:51  SCV  
  17  1:03  SCV  
  18  1:15  SCV  
  19  1:31  Orbital Command  
  19  1:32  Reaper  
  20  1:42  Command Center  
  20  1:53  Factory  
  20  1:56  SCV  
  21  2:06  Barracks Reactor  
  21  2:13  SCV, Supply Depot  
  22  2:18  Refinery  
  22  2:25  SCV  
  23  2:37  SCV  
  24  2:45  Starport  
  24  2:50  Hellion x2  
  28  2:53  Marine  
  28  2:55  Orbital Command  
  28  2:57  SCV  
  30  3:06  Armory  
  30  3:14  Hellion  
  30  3:18  Hellion  
  34  3:22  Marine  
  34  3:26  Medivac  
  37  3:34  SCV  
  37  3:35  Hellion  
  37  3:38  SCV  
  41  3:44  Marine  
  41  3:46  SCV  
  43  3:50  SCV  
  43  3:54  Supply Depot  
  44  3:59  Liberator, Hellion  
  46  4:05  Barracks Tech Lab  
  46  4:16  SCV x2, Hellion  
  53  4:28  SCV  
  54  4:43  Command Center  
  54  4:48  Supply Depot x2  
  54  4:59  SCV  
  54  5:00  Hellion x5  
  54  5:06  Starport Reactor  
  54  5:09  Marine, SCV  
  54  5:11  SCV  
  54  5:13  Barracks x2  
  57  5:14  Factory Reactor  
  57  5:21  SCV  
  57  5:23  SCV  
  57  5:25  Refinery  
  59  5:33  Marine, SCV  
  61  5:36  Starport Reactor, SCV  
  61  5:40  Engineering Bay  
  61  5:42  Engineering Bay  
  62  5:45  SCV  
  62  5:48  SCV  
  61  5:51  Marine  
  61  5:55  Orbital Command  
  62  5:58  SCV  
  62  6:00  SCV  
  64  6:04  Marine x2  
  64  6:06  Factory Tech Lab  
  64  6:07  Marine x2  
  64  6:09  Marine  
  64  6:10  SCV  
  64  6:11  Missile Turret  
  70  6:12  SCV  
  69  6:21  Missile Turret  
  69  6:22  Marine x2, SCV  
  69  6:24  SCV  
  69  6:25  Marine x2  
  68  6:31  Marine  
  62  6:34  SCV  
  62  6:36  SCV  
  59  6:40  Marine  
  59  6:45  Marine x3  
  59  6:46  Siege Tank, SCV, Medivac  
  66  6:47  Hellion x4  
  66  6:48  SCV, Hellion x2  
  63  6:58  Marine x2, SCV  
  63  7:00  SCV  
  67  7:11  Missile Turret  
Show
View Real Time Build Order
Export as new Build Order

PengWin Zerg - Winner!

Build Orders: Hatch First 

Get SALT Encoding   

  12  0:01  Drone  
  13  0:13  Overlord  
  13  0:16  Drone  
  14  0:31  Drone x2  
  14  0:35  Drone  
  17  0:51  Hatchery  
  17  0:55  Drone  
  17  0:57  Drone  
  17  0:59  Extractor  
  17  1:12  Spawning Pool  
  17  1:17  Drone  
  17  1:19  Drone  
  18  1:28  Drone  
  19  1:38  Overlord  
  19  1:59  Queen  
  19  2:00  Zergling x4  
  23  2:02  Metabolic Boost  
  23  2:03  Queen  
  23  2:06  Drone  
  26  2:12  Drone  
  27  2:16  Drone  
  27  2:22  Drone  
  29  2:25  Drone  
  30  2:40  Queen  
  30  2:42  Lair  
  32  2:44  Extractor  
  32  2:45  Drone  
  32  2:52  Overlord, Drone x2  
  34  2:59  Drone x2  
  36  3:11  Drone  
  36  3:12  Drone x2  
  39  3:18  Drone x5  
  44  3:21  Overlord  
  43  3:38  Spine Crawler  
  42  3:42  Zergling x8  
  42  3:43  Drone x2  
  42  3:47  Spire  
  47  3:50  Extractor x2  
  47  3:54  Zergling x2  
  47  3:55  Zergling x4  
  48  4:00  Overlord, Spine Crawler  
  47  4:08  Overlord  
  47  4:20  Queen  
  47  4:21  Drone  
  47  4:22  Drone  
  51  4:28  Drone x6  
  51  4:30  Drone  
  58  4:40  Drone x2  
  60  4:51  Overlord  
  60  4:52  Overlord x2  
  60  5:10  Mutalisk x5  
  60  5:13  Mutalisk  
  72  5:22  Mutalisk x2  
  72  5:27  Mutalisk  
  78  5:30  Drone  
  78  6:02  Hatchery, Evolution Chamber x2  
  75  6:08  Mutalisk  
  75  6:10  Roach Warren  
  75  6:38  Mutalisk x2  
  75  6:39  Mutalisk x5  
  78  7:14  Hatchery  
Tags
 
Add a new tag
Caveats
  • Supply blocks, unpowered buildings, or Contaminate may cause inaccurate times.
  • Supply counts are checked every 10 seconds.